[Event "*** SCC Grand Prix: Titled Tuesday Blitz"]
[Site "Chess.com"]
[Date "2020.06.02"]
[Round "6"]
[White "AlexOstrovskiy"]
[Black "AungTZ"]
[Result "1-0"]
[WhiteElo "2521"]
[BlackElo "1941"]
[TimeControl "180+1"]
[EndTime "11:09:53 PDT"]
[Termination "AlexOstrovskiy won on time"]

1. d4 Nf6 2. Bg5 Ne4 3. h4 d5 4.
Nd2 Nxd2 5. Qxd2 Bf5 6. e3 Qd6 7. Bf4 Qb6 8. O-O-O e6 9. f3 h5 10. e4 dxe4 11. d5 Na6 12. fxe4 Bg4 13. Nf3 O-O-O 14. Bc4 exd5 15. exd5 Bd6 16. Be3 Qb4 17. Qxb4 Nxb4 18.
a3 Na6 19. Bxa6 bxa6 20. Bxa7 Kb7 21. Bf2 Rhe8 22. Rhe1 f6 23. c4 Bf5 24. Be3 Rxe3 25. Rxe3 Bf4 26. Re1 Re8 27. Kd2 Re4 28. g3 Bh6 29. b3 Bg4 30. Kd3 Rxe3+ 31. Rxe3 Bf5+ 32. Ke2 Bxe3 33. Kxe3 Kb6 34. b4 Bb1 35. Nd4 Ba2 36. c5+ Kb7 37. Ke4 Bb1+ 38. Kf4 g6 39. Ne6 Ba2 40. Ke4 Bb1+ 41. Kd4 Ba2 42. Nf4 Bb1 43.
Ne6 Bf5 44. Ng7 Bg4 45. Ne8 f5 46. c6+ 1-0

[Event "*** SCC Grand Prix: Titled Tuesday Blitz"]
[Site "Chess.com"]
[Date "2020.06.02"]
[Round "6"]
[White "ENEASZ"]
[Black "Kopytkin"]
[Result "1-0"]
[WhiteElo "2486"]
[BlackElo "2312"]
[TimeControl "180+1"]
[EndTime "11:09:55 PDT"]
[Termination "ENEASZ won on time"]

1. e4 c6 2. d3 d5 3. Nd2 g6 4.
Ngf3 Bg7 5. g3 e5 6. Bg2 Ne7 7. O-O O-O 8. Re1 d4 9. Nc4 f6 10. a4 c5 11. c3 Nbc6 12. Nfd2 dxc3 13. bxc3 Qxd3 14. Bf1 Qd8 15. a5 Be6 16. Rb1 Rb8 17. Qa4 Qd7 18. Ne3 Rfd8 19. Bb5 Bh6 20. Kg2 Qc7 21. Bc4 Qc8 22. Qa2 Kf7 23. Nd5 Rd6 24.
Ba3 Nxa5 25. Rb5 Nxc4 26. Nxc4 Ra6 27. Nxe7 Kxe7 28. Rxc5 Qxc5 29. Bxc5+ Kf7 30. Nd6+ Rxd6 31. Qxa7 Rdd8 32. Rb1 f5 33. Rxb7+ Rxb7 34. Qxb7+ Rd7 35. Qb8 fxe4 36. Qxe5 e3 37. Bxe3 Bg7 38. Qf4+ Bf6 39. Bd4 Rxd4 40. cxd4 Bd5+ 41. f3 Be6 42. Qd6 g5 43. d5 Bf5 44. Qc7+ Kg6 45. d6 g4 46. d7 Be6 47. d8=Q gxf3+ 48. Kxf3 Bd5+ 49. Qxd5 1-0

[Event "*** SCC Grand Prix: Titled Tuesday Blitz"]
[Site "Chess.com"]
[Date "2020.06.02"]
[Round "6"]
[White "DonBroca"]
[Black "Kaua18"]
[Result "1/2-1/2"]
[WhiteElo "2187"]
[BlackElo "2316"]
[TimeControl "180+1"]
[EndTime "11:09:55 PDT"]
[Termination "Game drawn by repetition"]

1. e4 c5 2. Nf3 Nc6 3. d4 cxd4 4. Nxd4 Nf6 5. Nc3 e5 6. Ndb5 d6 7. Bg5 a6 8. Na3 b5 9. Nd5 Be7 10. Bxf6 Bxf6 11. c4 b4 12. Nc2 Rb8 13. Bd3 Bg5 14.
O-O O-O 15. Nce3 a5 16. b3 Ne7 17. Nxe7+ Qxe7 18. Nd5 Qa7 19. Kh1 Be6 20. f4 Bxd5 21.
fxg5 Be6 22. Qe2 Qe7 23. Qe3 a4 24. h3 Ra8 25. Qd2 Rfb8 26. Kh2 Ra7 27. Rfd1 Rba8 28. Qxb4 axb3 29. Qxb3 Ra3 30. Qb4 Qxg5 31. Qxd6 Qf4+ 32.
Kh1 Qg3 33. Bf1 h5 34. Rd3 Rxd3 35. Qxd3 h4 36. Qxg3 hxg3 37. a4 Ra5 38. Bd3 Kf8 39.
Kg1 g6 40. Kf1 f5 41. exf5 gxf5 42. Ke1 Ke7 43. Kd2 Kd6 44. Kc3 Kc5 45. Rb1 e4 46.
Rb5+ Rxb5 47. cxb5 exd3 48. Kxd3 Bd5 49. Ke3 Bxg2 50.
Kf4 Bxh3 51. Kxg3 Bg4 52. Kf4 Kb6 53. Ke5 Ka5 54. Kf4 Bh3 55. Ke5 Kb6 56. Kf4 Kc5 57. Ke5 Bg4 58. Kf4 Kd6 59. a5 Kc5 60. a6 Kb6 61. Ke5 Ka7 62. Kf4 Kb6 63. Ke5 Bh3 64. Kf4 Bg4 1/2-1/2

[Event "*** SCC Grand Prix: Titled Tuesday Blitz"]
[Site "Chess.com"]
[Date "2020.06.02"]
[Round "6"]
[White "AverageRecord"]
[Black "AndrewMaco"]
[Result "1/2-1/2"]
[WhiteElo "3008"]
[BlackElo "2649"]
[TimeControl "180+1"]
[EndTime "11:09:56 PDT"]
[Termination "Game drawn by repetition"]

1. d4 Nf6 2. Nf3 d5 3. Bf4 e6 4. e3 Bd6 5. Bxd6 Qxd6 6. c4 O-O 7. Nc3 dxc4 8. Bxc4 c5 9. O-O Nc6 10. Nb5 Qe7 11.
dxc5 Qxc5 12. Rc1 Rd8 13. Qe2 Qe7 14. Rfd1 Bd7 15. a3 Be8 16. Ba2 a6 17. Nc3 Rxd1+ 18. Rxd1 Rd8 19. Rc1 Qc5 20. h3 Ne5 21. Nd4 Nc6 22. Nf3 Ne5 23. Nxe5 Qxe5 24. Rd1 Qc7 25. Rxd8 Qxd8 26. Qd1 Qxd1+ 27. Nxd1 Bc6 28. f3 g5 29. Kf2 h6 30. Nc3 Kf8 31. b4 Ke7 32. e4 Kd6 33. g3 Nh5 34. Ne2 Bb5 35. Nd4 Ke5 36. Nxb5 axb5 37. Bb3 Kd4 38. Bd1 Kc3 39. Be2 f5 40. e5 f4 41. g4 Ng7 42. Bxb5 Kb3 43. a4 Kxb4 44. Ke2 Kc3 45. Bd7 b6 46. Kd1 Kd3 47.
Bc6 Kd4 48. Kc2 Kxe5 49. Kc3 Kd6 50. Bb5 e5 51. Kd3 Ne6 52. Ke4 Nd4 53. Bc4 Ne6 54. Kf5 Nd4+ 55. Ke4 Ne6 56. Bb5 Nd4 57. Be8 Ne6 58. Bb5 1/2-1/2

[Event "*** SCC Grand Prix: Titled Tuesday Blitz"]
[Site "Chess.com"]
[Date "2020.06.02"]
[Round "6"]
[White "Oleksandr_Bortnyk"]
[Black "LittlePeasant"]
[Result "0-1"]
[WhiteElo "2951"]
[BlackElo "2802"]
[TimeControl "180+1"]
[EndTime "11:09:56 PDT"]
[Termination "LittlePeasant won by resignation"]

1. e4 c5 2. Be2 Nf6 3. d3 Nc6 4. f4 e5 5. Nf3 exf4 6. Bxf4 d5 7. e5 Nh5 8. Bg5 Be7 9. Bxe7 Qxe7 10. O-O Nf4 11. Nc3 O-O 12. Qd2 Nxe2+ 13. Qxe2 Be6 14. Qf2 Rad8 15. Rae1 Bg4 16. Qg3 Bxf3 17. Rxf3 Nd4 18. Rf2 f5 19. a4 b6 20. Nb5 Nxb5 21. axb5 d4 22. e6 Rf6 23. Qe5 Re8 24. Rxf5 Qxe6 25. Rxf6 Qxe5 26. Rxe5 Rxe5 27. Rd6 Re1+ 28. Kf2 Rc1 29.
c4 dxc3 30. bxc3 Rxc3 31. Ke2 Rb3 32. Rd7 Rxb5 33. Rxa7 Rb2+ 34. Kf3 Rd2 35. Ke4 Rxg2 36. h4 Rg4+ 37. Kf5 Rxh4 38. Ke6 h6 39. Rb7 Rd4 40. Rxb6 Rxd3 41. Kf5 Rf3+ 42. Kg4 Rf6 43. Rb5 Rc6 44. Rb3 c4 45. Rc3 Kh7 46. Kf5 g6+ 47. Ke5 Kg7 48. Kd5 Rc7 49. Kd6 Rc8 50. Kd7 Rc5 51. Kd6 Rf5 52. Rxc4 h5 53. Ke6 Kh6 54. Rc1 Rf2 55. Ke5 h4 56. Ke4 Kh5 57. Ke3 Rf7 58.
Rh1 g5 59. Ra1 h3 60. Ra7 Rxa7 0-1

[Event "*** SCC Grand Prix: Titled Tuesday Blitz"]
[Site "Chess.com"]
[Date "2020.06.02"]
[Round "6"]
[White "Salem-AR"]
[Black "GMHess"]
[Result "1-0"]
[WhiteElo "3037"]
[BlackElo "2731"]
[TimeControl "180+1"]
[EndTime "11:09:56 PDT"]
[Termination "Salem-AR won by resignation"]

1. Nf3 Nf6 2. c4 e6 3. g3 d5 4. b3 Be7 5. Bg2 O-O 6. O-O c6 7. Bb2 b6 8. d4 Bb7 9. Nc3 Nbd7 10. Qc2 Rc8 11. Rad1 Qc7 12. e4 dxe4 13. Ng5 e5 14. dxe5 Nxe5 15. Ncxe4 Nxe4 16. Qxe4 Bxg5 17. Bxe5 Qe7 18.
h4 Bh6 19. Rfe1 Rfd8 20. Kh2 Rxd1 21. Rxd1 Re8 22. Bc3 Qxe4 23. Bxe4 g5 24. hxg5 Bxg5 25. f3 Rd8 26. Rxd8+ Bxd8 27. Be5 f6 28. Bb8 a6 29.
Kh3 Bc8+ 30. g4 Bd7 31. Bf4 Kg7 32. Be3 c5 33. Bb7 a5 34. Be4 a4 35. Bd2 axb3 36.
axb3 Bc7 37. Bc3 h6 38. Kh4 Bf4 39. Kh3 Bc7 40. Kg2 Bf4 41. Kf2 Be5 42. Bxe5 fxe5 43. Kg3 Kf6 44. Kh4 Be8 45. Bd5 Bg6 46. Be4 Bxe4 47.
fxe4 Kg6 48. Kh3 Kg5 49. Kg3 Kf6 50. Kh3 Kg6 51. Kh4 Kf6 52. Kh5 Kg7 53. g5 hxg5 54.
Kxg5 Kf7 55. Kf5 Ke7 56. Kxe5 1-0

[Event "*** SCC Grand Prix: Titled Tuesday Blitz"]
[Site "Chess.com"]
[Date "2020.06.02"]
[Round "6"]
[White "Gajuchess"]
[Black "DenisQ"]
[Result "0-1"]
[WhiteElo "2764"]
[BlackElo "2594"]
[TimeControl "180+1"]
[EndTime "11:09:56 PDT"]
[Termination "DenisQ won by resignation"]

1. d4 d5 2. Nf3 Nf6 3. c4 c6 4. e3 Bf5 5. Nc3 e6 6. Nh4 Be4 7. f3 Bg6 8. Qb3 Qc7 9. Bd2 Nbd7 10. cxd5 Nxd5 11. e4 Nxc3 12. bxc3 Bd6 13. g3 e5 14. Rb1 b5 15. Be2 O-O 16. O-O a6 17. Be3 c5 18. dxe5 Bxe5 19. Rbd1 c4 20. Qa3 Bf6 21. Nxg6 hxg6 22. f4 Rfe8 23. e5 Be7 24.
Qc1 Bc5 25. Bf3 Rad8 26. Kg2 Bxe3 27. Qxe3 Nc5 28. Rd4 Ne6 29. Rd5 Rxd5 30. Bxd5 Nc5 31. h4 Rd8 32. e6 Nxe6 33. Bxe6 Qc6+ 34. Kh3 Qxe6+ 35. Qxe6 fxe6 36. a4 Kf7 37. axb5 axb5 38. Rb1 Rd5 39. Kg4 Ke7 40. Ra1 Kd6 41. Ra6+ Kc5 42.
Rxe6 Rd3 43. Re5+ Kc6 44. Rg5 Rxc3 45. Rxg6+ Kc5 46. Rxg7 Rc1 47. h5 c3 48. h6 Rh1 49.
Rg5+ Kc4 50. Rg6 c2 51. Rc6+ Kd3 52. Kg5 b4 53. f5 b3 54. f6 b2 55. f7 c1=Q+ 0-1

[Event "*** SCC Grand Prix: Titled Tuesday Blitz"]
[Site "Chess.com"]
[Date "2020.06.02"]
[Round "6"]
[White "Chopper1905"]
[Black "Khvicha_Supatashvili"]
[Result "0-1"]
[WhiteElo "2915"]
[BlackElo "2737"]
[TimeControl "180+1"]
[EndTime "11:09:57 PDT"]
[Termination "Khvicha_Supatashvili won by resignation"]

1. d4 Nf6 2. c4 e6 3. Nf3 d5 4. Nc3 Bb4 5. Qa4+ Nc6 6. cxd5 exd5 7. Bg5 h6 8. Bxf6 Qxf6 9. e3 O-O 10. Rd1 Be6 11.
Bd3 Bd6 12. Qb3 Nb4 13. Bb1 c5 14. dxc5 Bxc5 15. Nd4 Bxd4 16. Rxd4 Nc6 17. Rf4 Qg5 18. Qc2 g6 19. O-O d4 20. Ne4 Qe5 21. Qc5 dxe3 22. Qxe3 Rad8 23. Rh4 h5 24. b4 Kg7 25. a3 Nd4 26.
Nc5 Ne2+ 27. Kh1 Qxe3 28. fxe3 b6 29. Ne4 Bf5 30. Ng5 Bxb1 31. Rxb1 Rfe8 32. e4 Nc3 33.
Re1 f6 34. Nf3 Rd3 35. h3 Nb5 36. a4 Nd4 37. e5 Nxf3 38. exf6+ Kf7 39. Rxe8 Nxh4 40.
Re7+ Kxf6 41. Rxa7 Rb3 42. Ra6 Rxb4 43. a5 Kf5 44. Rxb6 Ra4 45. Rb5+ Kf6 46. Kh2 Nf5 47. Rb6+ Kg5 48. Rb5 h4 49. Rc5 Ra2 50. Rb5 Kf4 51.
Rb4+ Ke5 52. Rb5+ Ke4 53. Rb4+ Nd4 54. Rb6 Nf3+ 0-1

[Event "*** SCC Grand Prix: Titled Tuesday Blitz"]
[Site "Chess.com"]
[Date "2020.06.02"]
[Round "6"]
[White "kuba2006"]
[Black "gahryman"]
[Result "0-1"]
[WhiteElo "2414"]
[BlackElo "2685"]
[TimeControl "180+1"]
[EndTime "11:09:58 PDT"]
[Termination "gahryman won on time"]

1. e4 c5 2. Nf3 e6 3. d4 cxd4 4. Nxd4 Nc6 5. Nc3 Qc7 6. Nb3 a6 7. Bd3 Nf6 8. O-O Be7 9. f4 d6 10. Kh1 O-O 11. Bd2 b5 12. Qf3 Bb7 13. Rae1 Rac8 14.
Qh3 g6 15. f5 b4 16. Ne2 exf5 17. exf5 Ne5 18. Bh6 Rfe8 19. Bg5 Qd7 20. Nf4 Nxd3 21. cxd3 Rc2 22. Re2 Rxe2 23. Nxe2 Nd5 24. Bxe7 Rxe7 25.
Nbd4 Ne3 26. Rg1 Nxf5 27. Nxf5 Qxf5 28. Qxf5 gxf5 29. Nd4 Re3 30. Rd1 f4 31. Kg1 a5 32. Kf2 Ba6 33. Nf5 Rxd3 34. Rxd3 Bxd3 35. Nxd6 Kf8 36. Kf3 Ke7 37. Nc8+ Ke6 38. Kxf4 Kd5 39. Nb6+ Kd4 40. Kg5 Bb1 41. a3 bxa3 42. bxa3 Kc3 43. Kf6 Bg6 44. a4 Kb4 45. h4 Bc2 46. g4 Bxa4 47.
Kxf7 Bb3+ 48. Kg7 Kb5 0-1

[Event "*** SCC Grand Prix: Titled Tuesday Blitz"]
[Site "Chess.com"]
[Date "2020.06.02"]
[Round "6"]
[White "Tomytoteph"]
[Black "Slovak_fighter2000"]
[Result "1-0"]
[WhiteElo "2305"]
[BlackElo "2432"]
[TimeControl "180+1"]
[EndTime "11:09:58 PDT"]
[Termination "Tomytoteph won on time"]

1. e4 e6 2. d4 d5 3. Nd2 Nc6 4. Ngf3 Nf6 5. e5 Nd7 6. c4 dxc4 7. Bxc4 Nb6 8. Bb5 Bd7 9. O-O Nb4 10. Be2 Be7 11.
Ne4 O-O 12. b3 a6 13. Bb2 Bb5 14. a3 Bxe2 15. Qxe2 N4d5 16. Rac1 Qe8 17. Rfd1 Qb5 18. Qc2 h6 19. h4 a5 20. h5 Rac8 21. Ne1 Nd7 22. Nd3 c6 23. f4 Ne3 24. Qc3 Nxd1 25.
Rxd1 c5 26. d5 c4 27. bxc4 Rxc4 28. Qe1 exd5 29. Nc3 Qb3 30. Nxd5 Bd8 31. e6 Re8 32.
exf7+ Kxf7 33. Qf1 Bb6+ 34. Nxb6 Qxb6+ 35. Kh2 Qc6 36.
Qf2 Kg8 37. Qg3 Nf6 38. Ne5 Rxe5 39. fxe5 Nxh5 40. Qd3 Nf4 41. Qd8+ Kh7 42. Rd2 Ne6 43. Qd3+ Kh8 44. Rf2 Rg4 45. Qf3 Kg8 46. Qxg4 Qd7 47. Qe2 Kh7 48. Qf1 Ng5 49. Qb1+ 1-0

[Event "*** SCC Grand Prix: Titled Tuesday Blitz"]
[Site "Chess.com"]
[Date "2020.06.02"]
[Round "6"]
[White "124chess"]
[Black "OhanyanEminChess"]
[Result "1/2-1/2"]
[WhiteElo "2746"]
[BlackElo "2451"]
[TimeControl "180+1"]
[EndTime "11:09:59 PDT"]
[Termination "Game drawn - insufficient material"]

1. d4 Nf6 2. c4 c5 3. e3 e6 4. Nf3 b6 5. Bd3 Bb7 6. O-O Be7 7. Nc3 d5 8. cxd5 exd5 9. b3 Nbd7 10. Bb2 O-O 11.
Rc1 Rc8 12. Qe2 Ne4 13. Rfd1 f5 14. Ba6 Qc7 15. dxc5 Nxc3 16. Bxc3 Nxc5 17. Bxb7 Qxb7 18. Bb2 Ne4 19. Qd3 Rfd8 20. h3 g6 21. Rxc8 Rxc8 22. Nd2 Nxd2 23. Qxd2 Bf8 24. a4 Rd8 25. g4 Bg7 26.
Bxg7 Qxg7 27. Qd4 Qxd4 28. Rxd4 Kf7 29. gxf5 gxf5 30. Kg2 Ke6 31. Kf3 Ke5 32. Rh4 Rd7 33. Ke2 Rc7 34. Kd3 Kf6 35. Rh6+ Kg5 36. Rd6 Kh4 37.
Rxd5 Rf7 38. f4 Kxh3 39. e4 fxe4+ 40. Kxe4 h6 41. f5 Kg4 42. Rd6 Rxf5 43. Rg6+ Rg5 44. Rxh6 Rg7 45. Kd4 Kf5 46. Kc4 Ke5 47. Kb5 Kd4 48.
Rc6 Rg5+ 49. Ka6 Ra5+ 50. Kb7 b5 51. Ra6 Rxa6 52. Kxa6 bxa4 53. bxa4 Kc5 54. a5 Kb4 55. Kxa7 Kxa5 1/2-1/2

[Event "*** SCC Grand Prix: Titled Tuesday Blitz"]
[Site "Chess.com"]
[Date "2020.06.02"]
[Round "6"]
[White "Flawless_Fighter"]
[Black "theblitzchamp"]
[Result "1-0"]
[WhiteElo "2493"]
[BlackElo "2647"]
[TimeControl "180+1"]
[EndTime "11:10:00 PDT"]
[Termination "Flawless_Fighter won by checkmate"]

1. e4 d6 2. d4 Nf6 3. Nc3 Nbd7 4.
f4 e5 5. Nf3 exd4 6. Qxd4 c5 7.
Qd3 Be7 8. Be3 O-O 9. O-O-O Qa5 10. Kb1 Nb6 11. Qb5 Qxb5 12. Bxb5 Be6 13. Rhe1 Rfd8 14. b3 d5 15. f5 dxe4 16. fxe6 exf3 17. exf7+ Kxf7 18.
gxf3 a6 19. Bf1 h6 20. f4 Rac8 21. Bg2 Rc7 22. f5 Rcd7 23. Rxd7 Rxd7 24. Kb2 Ng4 25. Bg1 Bd6 26. h3 Nf6 27. a4 Nc8 28. Nd5 Ne7 29. Nb6 Rc7 30. Nc4 Bg3 31. Re3 Nxf5 32. Rf3 g6 33. a5 Kg7 34. Rd3 Nd4 35. Rxg3 Nb5 36. Ne5 g5 37. h4 c4 38. hxg5 c3+ 39. Ka2 hxg5 40. Rxg5+ Kf8 41. Rf5 Kg7 42. Be3 Nd6 43.
Rg5+ Kf8 44. Nd3 Kf7 45. Bd4 Nfe8 46. Bd5+ Ke7 47. Rh5 Kd8 48. Bb6 Nb5 49. Bxc7+ Nexc7 50. Bc4 Nd6 51. Ka3 Kd7 52. Kb4 Kc6 53. Ne5# 1-0

[Event "*** SCC Grand Prix: Titled Tuesday Blitz"]
[Site "Chess.com"]
[Date "2020.06.02"]
[Round "6"]
[White "dalmatinac101"]
[Black "Semen_Khanin"]
[Result "1/2-1/2"]
[WhiteElo "2856"]
[BlackElo "2711"]
[TimeControl "180+1"]
[EndTime "11:10:01 PDT"]
[Termination "Game drawn - insufficient material"]

1. g3 Nf6 2. Bg2 d5 3. c4 c6 4.
Nf3 g6 5. b3 Bg7 6. Bb2 O-O 7.
O-O a5 8. d3 a4 9. cxd5 cxd5 10. bxa4 Qa5 11. Nc3 Nc6 12. Nd2 e6 13. Nb3 Qb6 14.
Rb1 Rd8 15. d4 Ne8 16. Ba3 Qa6 17. e3 Nd6 18. Bxd6 Rxd6 19. Nc5 Qc4 20. Qd2 Nxd4 21. exd4 Qxd4 22. Qxd4 Bxd4 23. Nxb7 Rd7 24. Nb5 Bxf2+ 25. Rxf2 Bxb7 26. Rb4 f5 27. Re2 Kf7 28. Nd6+ Rxd6 29. Rxb7+ Kf6 30. Rxh7 Rxa4 31. h4 d4 32. h5 d3 33. Rd2 e5 34. Rh6 Kg7 35. Rxg6+ Rxg6 36. hxg6 e4 37. Kf2 Kxg6 38. Ke3 Kg5 39. Bh3 Ra3 40. Bf1 Kg4 41. Bg2 Kxg3 42. Bxe4 fxe4 43. Kxe4 Kg4 44.
Rg2+ Kh5 45. Rd2 Kg5 46. Kd4 Kf5 47. Rxd3 Rxa2 48. Rf3+ Ke6 49. Re3+ Kd6 50. Ke4 Ra4+ 51. Kf3 Rd4 52. Re4 Rxe4 53. Kxe4 1/2-1/2

[Event "*** SCC Grand Prix: Titled Tuesday Blitz"]
[Site "Chess.com"]
[Date "2020.06.02"]
[Round "6"]
[White "talman67"]
[Black "gm_rashid"]
[Result "1-0"]
[WhiteElo "2554"]
[BlackElo "2343"]
[TimeControl "180+1"]
[EndTime "11:10:01 PDT"]
[Termination "talman67 won by checkmate"]

1. e4 e5 2. Nf3 Nc6 3. Bb5 a6 4. Ba4 Nf6 5. O-O Be7 6. Re1 b5 7. Bb3 d6 8. c3 Bg4 9. h3 Bh5 10. d3 O-O 11. Nbd2 Na5 12. Bc2 c5 13. Nf1 Ne8 14. Ng3 Bg6 15. d4 exd4 16. cxd4 Nc7 17. d5 b4 18. b3 Bf6 19. Rb1 Nb5 20. Bb2 Bxb2 21. Rxb2 Nc3 22. Qd3 Qf6 23. Rbb1 Nxb1 24. Rxb1 Rfc8 25. Nd2 Qc3 26. Qxc3 bxc3 27. Nc4 Nxc4 28.
bxc4 Rab8 29. Bb3 a5 30. Rc1 Rb4 31. Rxc3 a4 32. Bc2 Rb2 33. Bxa4 Rxa2 34. Bb5 Rca8 35. f4 f6 36. e5 fxe5 37. fxe5 dxe5 38. d6 Rd2 39. d7 Kf7 40. Re3 Ke6 41. Ne2 Raa2 42.
Nf4+ Kf5 43. Nd5 Rxg2+ 44. Kh1 Rgd2 45. Re1 Ra8 46. Rf1+ Kg5 47. Re1 e4 48. Rg1+ Kh4 49.
Nf4 Raa2 50. Rg4# 1-0

[Event "*** SCC Grand Prix: Titled Tuesday Blitz"]
[Site "Chess.com"]
[Date "2020.06.02"]
[Round "6"]
[White "WPWPWP-2015"]
[Black "gross-aleks"]
[Result "0-1"]
[WhiteElo "2352"]
[BlackElo "2562"]
[TimeControl "180+1"]
[EndTime "11:10:02 PDT"]
[Termination "gross-aleks won by resignation"]

1. d4 Nf6 2. Nd2 d5 3. Ngf3 e6 4. g3 c5 5. c3 Nc6 6. Bg2 Bd6 7. O-O O-O 8. Re1 Re8 9. a4 cxd4 10. cxd4 Bd7 11.
Nb3 Qb6 12. a5 Qb5 13. Bf4 Bb4 14. Bd2 Ne4 15. Bxb4 Qxb4 16. e3 b6 17. a6 Na5 18.
Nxa5 bxa5 19. Ne5 Bb5 20. Nd3 Bxd3 21. Qxd3 Nd6 22. Qa3 Qxa3 23. Rxa3 Nc4 24. Ra2 Rab8 25. Bf1 Nd2 26. Rd1 Nb3 27. Ra3 Rb4 28. Rd3 a4 29. Rc3 Nd2 30. Rc7 Ra8 31. Rb7 Rb8 32. Rxb8+ Rxb8 33. Rxa4 Rxb2 34. Bd3 g6 35. Ra5 Nf3+ 36. Kf1 Nxh2+ 37.
Kg2 Ng4 38. Rc5 Nxe3+ 39. Kf3 Nd1 40. Rc7 Rxf2+ 41. Kg4 Ne3+ 42. Kh3 Kg7 43. Rxa7 h5 44. g4 hxg4+ 45. Kg3 Rf3+ 46. Kh2 g3+ 47. Kg1 Rf2 48. Rb7 Rg2+ 49. Kh1 Ra2 50. Rb1 f5 51. Kg1 f4 52.
Re1 Kf6 53. Be2 g5 54. Bd3 g4 55. Be2 f3 56. Bxf3 gxf3 57. Rf1 0-1

[Event "*** SCC Grand Prix: Titled Tuesday Blitz"]
[Site "Chess.com"]
[Date "2020.06.02"]
[Round "6"]
[White "Pomegranate988"]
[Black "jorquerino"]
[Result "0-1"]
[WhiteElo "2529"]
[BlackElo "2349"]
[TimeControl "180+1"]
[EndTime "11:10:02 PDT"]
[Termination "jorquerino won on time"]

1. Nf3 Nf6 2. g3 g6 3. Bg2 Bg7 4. O-O O-O 5. c4 d6 6. d4 Nc6 7. Nc3 Bd7 8. e3 Qc8 9. Re1 e5 10. b3 Re8 11. Bb2 Bg4 12. d5 Ne7 13. e4 Nh5 14.
Qd2 Bh3 15. b4 Bxg2 16. Kxg2 Qg4 17. Ne2 Qxe4 18. Rac1 Qg4 19. h3 Qd7 20. Nc3 h6 21. c5 f5 22. a4 g5 23. cxd6 cxd6 24. Nb5 Rec8 25. Rxc8+ Rxc8 26. Nxa7 Ra8 27. Qe3 e4 28. Nd4 Rxa7 29. Nxf5 Nxf5 30. Qxa7 Bxb2 31. Rxe4 Nf6 32. Qb8+ Kg7 33. Rc4 Nxd5 34. Rc8 Kg6 35. Rd8 Qe6 36. Re8 Qd7 37. Rg8+ Bg7 38. b5 Qe6 39. Re8 Qf7 40. Re2 Nd4 41. Rd2 Nf5 0-1

[Event "*** SCC Grand Prix: Titled Tuesday Blitz"]
[Site "Chess.com"]
[Date "2020.06.02"]
[Round "6"]
[White "anastasiyakarlovych"]
[Black "Azatic"]
[Result "0-1"]
[WhiteElo "1945"]
[BlackElo "2442"]
[TimeControl "180+1"]
[EndTime "11:10:02 PDT"]
[Termination "Azatic won on time"]

1. e4 c5 2. Nf3 e6 3. c3 Nf6 4. e5 Nd5 5. d4 cxd4 6. cxd4 d6 7. a3 dxe5 8. dxe5 Bc5 9. Bd3 O-O 10.
O-O Nc6 11. b4 Be7 12. Bb2 g6 13. Be4 b6 14. Qc2 Bb7 15. Rd1 Rc8 16. Nc3 Qe8 17. Qb3 Nxc3 18. Bxc3 Na5 19. bxa5 Bxe4 20. Nd4 Bc5 21.
axb6 axb6 22. Nb5 Qe7 23. Bb4 Bxb4 24. Qxb4 Qxb4 25. axb4 Bd5 26. Nd6 Rc3 27. Ra7 Rb3 28.
b5 Rb2 29. h3 h5 30. Re7 h4 31. Rc1 Kg7 32. Rcc7 Rb1+ 33. Kh2 Rf1 34. Rxf7+ Rxf7 35. Rxf7+ Kh6 36. Rf6 Kh5 37. Rf7 Rb1 38. Rh7+ Kg5 39.
Rf7 Kh6 40. g3 Re1 41. gxh4 Rh1+ 42. Kg3 Re1 43. Rf8 Rg1+ 44. Kf4 Kg7 45. Rf7+ Kh6 46. Rf8 Rf1 47. Rh8+ Kg7 48. Rd8 Rxf2+ 49. Kg4 Rg2+ 50. Kf4 Kh6 51. Rd7 Rf2+ 0-1

[Event "*** SCC Grand Prix: Titled Tuesday Blitz"]
[Site "Chess.com"]
[Date "2020.06.02"]
[Round "6"]
[White "silverback96"]
[Black "boasovietica"]
[Result "0-1"]
[WhiteElo "2225"]
[BlackElo "2431"]
[TimeControl "180+1"]
[EndTime "11:10:02 PDT"]
[Termination "boasovietica won by resignation"]

1. e4 e5 2. Nf3 Nc6 3. Bc4 Bc5 4.
O-O d6 5. c3 Nf6 6. d4 Bb6 7. d5 Ne7 8. Bd3 Ng6 9. h3 O-O 10. c4 Bd7 11. Nc3 Qe7 12. Bd2 Nh5 13. Ne2 h6 14. b4 Qf6 15. Qc1 Bxh3 16. c5 Bg4 17. Ng5 Bxe2 18. Bxe2 Nhf4 19. Bxf4 Nxf4 20.
Bf3 dxc5 21. bxc5 Ba5 22. Qa3 Bd2 23. Nh3 Nxh3+ 24. gxh3 Bf4 25. Bg2 Qh4 26. Rab1 f5 27.
Rxb7 Rf6 28. Rb3 fxe4 29. Kh1 Raf8 30. Bxe4 Bg5 31. Bg2 Rxf2 32. Rxf2 Qxf2 33. Rf3 Qe1+ 34. Kh2 Bf4+ 35. Rxf4 exf4 36. Qb3 Qg3+ 37. Qxg3 fxg3+ 38. Kxg3 Kf7 39. Bf3 Kf6 40. Bg4 Ke5 41. Be6 g5 42. Kg4 c6 43. Bd7 cxd5 44. c6 Kd6 45. Kh5 d4 46.
Kxh6 d3 47. Bg4 d2 48. Kxg5 Rg8+ 49. Kf4 Rxg4+ 50. Kxg4 d1=Q+ 0-1

[Event "*** SCC Grand Prix: Titled Tuesday Blitz"]
[Site "Chess.com"]
[Date "2020.06.02"]
[Round "6"]
[White "BelaKis"]
[Black "Baron_von_Koenig"]
[Result "0-1"]
[WhiteElo "2198"]
[BlackElo "2425"]
[TimeControl "180+1"]
[EndTime "11:10:03 PDT"]
[Termination "Baron_von_Koenig won by checkmate"]

1. Nf3 Nc6 2. g3 e5 3. d3 f5 4. Bg2 Nf6 5. O-O Bc5 6. a3 Bb6 7. c4 O-O 8. Nc3 d6 9. e3 Qe8 10. d4 Qh5 11. b4 a6 12. c5 Ba7 13. Qb3+ Kh8 14. Nd5 Be6 15. Nxf6 Rxf6 16. d5 e4 17. Nh4 Ne5 18. dxe6 g5 19. Qd1 Qxd1 20. Rxd1 gxh4 21.
cxd6 cxd6 22. Bb2 Re8 23. Rxd6 Rfxe6 24. Rad1 hxg3 25. hxg3 Kg7 26. Rxe6 Rxe6 27. Rd7+ Kg6 28. Rxb7 Bb6 29. Bxe5 Rxe5 30. Rxb6+ Kg5 31. Rxa6 Rd5 32. Bf1 Rd1 33. Kg2 h5 34. b5 Rd2 35. b6 Rb2 36. a4 h4 37. gxh4+ Kh5 38. a5 f4 39. exf4 e3 40. Ra7 Rxf2+ 41. Kg1 Rxf4 42. Be2+ Kxh4 43.
b7 Rb4 44. a6 Kg3 45. Ra8 Rb1+ 46. Bf1 e2 47. Rg8+ Kh4 48. Rh8+ Kg3 49. Rg8+ Kh4 50. Rh8+ Kg5 51. Rf8 e1=Q 52. b8=Q Qe3+ 53. Kh1 Rxb8 54.
Rxb8 Qe4+ 55. Bg2 Qe1+ 56. Kh2 Qh4+ 57. Kg1 Qd4+ 58. Kh1 Qd1+ 59. Kh2 Qd6+ 60. Kh1 Qxb8 61. Bb7 Qa7 62. Kg2 Kf4 63. Kh3 Qe3+ 64. Kh4 Qg3+ 65. Kh5 Qg5# 0-1

[Event "*** SCC Grand Prix: Titled Tuesday Blitz"]
[Site "Chess.com"]
[Date "2020.06.02"]
[Round "6"]
[White "youngKID"]
[Black "elohunter1999"]
[Result "1-0"]
[WhiteElo "2762"]
[BlackElo "2508"]
[TimeControl "180+1"]
[EndTime "11:10:04 PDT"]
[Termination "youngKID won on time"]

1. Nf3 Nf6 2. g3 b6 3. Bg2 Bb7 4. O-O c5 5. Ne1 Bxg2 6. Nxg2 g6 7. d3 d5 8. Nc3 Bg7 9. e4 dxe4 10. dxe4 Qxd1 11.
Rxd1 Nc6 12. f4 O-O 13. e5 Ne8 14. Rd7 f6 15. e6 Rd8 16. Rxd8 Nxd8 17. f5 gxf5 18. Nd5 Nxe6 19. Nxe7+ Kf7 20. Nxf5 N8c7 21. Bf4 Rd8 22. Re1 Bf8 23. Bc1 Nd4 24. Nxd4 Rxd4 25. c3 Rd8 26. Nf4 Be7 27. Kf2 Nd5 28. Kf3 Nxf4 29.
Bxf4 b5 30. g4 a6 31. h4 Rd3+ 32. Ke4 Rh3 33. h5 c4 34. Kd5 Rf3 35. Be3 f5 36.
gxf5 Rxf5+ 37. Kc6 Rxh5 38. Kb6 Rh2 39. Bc1 b4 40.
cxb4 Bxb4 41. Rf1+ Ke6 42. Kxa6 c3 43. bxc3 Rxa2+ 44. Kb5 Bxc3 45. Kc4 Be5 46. Be3 h5 47. Rh1 h4 48.
Bc5 Bg3 49. Kd3 Kf5 50. Be7 Kg4 51. Bxh4 Bxh4 52. Rg1+ Kf3 53. Rg8 1-0

[Event "*** SCC Grand Prix: Titled Tuesday Blitz"]
[Site "Chess.com"]
[Date "2020.06.02"]
[Round "6"]
[White "Godzillator"]
[Black "MiroVlasenko"]
[Result "1-0"]
[WhiteElo "2468"]
[BlackElo "2620"]
[TimeControl "180+1"]
[EndTime "11:10:06 PDT"]
[Termination "Godzillator won by resignation"]

1. d4 f5 2. c4 Nf6 3. Nc3 e6 4. g3 Bb4 5. Bd2 d5 6. Bg2 O-O 7. Nf3 c6 8. b3 Bd6 9. O-O Ne4 10. Qc2 Nd7 11. Bf4 Be7 12. Ne5 Ndf6 13. f3 Nxc3 14. Qxc3 c5 15. dxc5 Bxc5+ 16. Kh1 Nh5 17. Rad1 d4 18. Qc1 Nxf4 19. Qxf4 Qf6 20. Nd3 Bb6 21. c5 Bd8 22. e3 dxe3 23. Qxe3 e5 24. Qxe5 Qxe5 25. Nxe5 f4 26. Rfe1 Ba5 27. Re4 fxg3 28. hxg3 Bf5 29. Re2 Rad8 30. Rxd8 Rxd8 31. f4 Bc8 32.
Be4 h6 33. Kg2 Bc3 34. Ng6 Bg4 35. Rc2 Bd4 36. Bxb7 Kf7 37. Ne5+ Bxe5 38. fxe5 Re8 39. Bd5+ Ke7 40. e6 Rd8 41. Bc4 Bf5 42. Re2 Rc8 43. b4 a5 44. a3 Kf6 45. e7 Re8 46. Bb5 Rxe7 47. Rxe7 Kxe7 48. bxa5 Kd8 49. Bc6 Kc7 50. Bd5 Bc8 51. Kf3 g5 52. Ke4 h5 53. Ke3 h4 54.
gxh4 gxh4 55. Kf4 h3 56. Kg3 Kb8 57. Be4 Ka7 58. Bd3 Kb7 59. Bb5 Ka7 60. Bf1 Kb7 61.
Bxh3 1-0